 Dungeon Crawl Stone Soup version 0.20.1-1-g8b1a95d (webtiles) character file.

57 Irenicus the Grave Robber (level 3, -1/28 HPs)
             Began as a Deep Dwarf Necromancer on Nov 1, 2017.
             Slain by a quokka (2 damage)
             ... on level 2 of the Dungeon.
             The game lasted 00:04:14 (710 turns).

Irenicus the Grave Robber (Deep Dwarf Necromancer)   Turns: 710, Time: 00:04:14

Health: -1/28      AC:  2    Str: 11    XL:     3   Next: 73%
Magic:  2/5        EV: 12    Int: 15    God:
Gold:   42         SH:  0    Dex: 14    Spells: 1/5 levels left

rFire    . . .     SeeInvis .   h - +0 hand axe
rCold    . . .     Gourm    .   (no shield)
rNeg     . . .     Faith    .   a - +0 robe
rPois    .         Spirit   .   (no helmet)
rElec    .         Reflect  .   (no cloak)
rCorr    .         Harm     .   (no gloves)
MR       .....                  (no boots)
Stlth    ++........             m - amulet of rage
Regen    0.0/turn               (no ring)
MPRegen  0.1/turn               (no ring)

@: non-regenerating, heavily drained
A: damage resistance, heal wounds, sense surroundings 1, no regeneration
a: Heal Wounds, Evoke Berserk Rage


You were on level 2 of the Dungeon.
You were hungry.

You visited 1 branch of the dungeon, and saw 2 of its levels.

You collected 42 gold pieces.

Inventory:

Hand Weapons
 h - a +0 hand axe (weapon)
Armour
 a - a +0 robe (worn)
Jewellery
 m - an amulet of rage (around neck)
Scrolls
 e - a scroll of remove curse {unknown}
 g - 2 scrolls of teleportation {unknown}
 k - a scroll of recharging {unknown}
Potions
 f - a potion of invisibility
Books
 b - a book of Necromancy

   Spells                             Type                      Level
   a - Pain                           Necromancy                   1
   b - Animate Skeleton               Necromancy                   1
   c - Vampiric Draining              Necromancy                   3
   d - Regeneration                   Charms/Necromancy            3
   e - Animate Dead                   Necromancy                   4
   f - Control Undead                 Necromancy                   4
Comestibles
 c - a bread ration
 d - 3 meat rations
 i - 3 chunks of flesh
 j - 5 fruits
 n - a royal jelly


   Skills:
 - Level 3.0(1.9) Axes
 - Level 2.1(1.0) Dodging
 - Level 2.4(1.3) Stealth
 + Level 1.7(0.6) Spellcasting
 - Level 5.0(3.7) Necromancy


You had one spell level left.
You knew the following spells:

 Your Spells              Type           Power        Failure   Level  Hunger
a - Pain                  Necr           ##..         5%          1    ##.....
e - Vampiric Draining     Necr           ##........   16%         3    ####...


Dungeon Overview and Level Annotations

Branches:
Dungeon (2/15)

Altars:


Innate Abilities, Weirdness & Mutations

You are resistant to damage.
You can heal yourself by infusing magical energy.
You passively map a small area around you.
You do not regenerate.


Message History

An adder comes into view.
The goblin shouts!
A frilled lizard comes into view.
Casting: Vampiric Draining
Confirm with . or Enter, or press ? or * to list all spells.
Aiming: Vampiric Draining
Press: ? - help, Shift-Dir - straight line, f - quokka
Aim: a quokka The quokka is severely wounded.
You feel life coursing into your body. The quokka bites you.
* * * LOW HITPOINT WARNING * * *
The adder hisses angrily.
You hit the quokka but do no damage.
The quokka is severely wounded.
You feel a little less agile now. The quokka closely misses you.
The quokka bites you.
* * * LOW HITPOINT WARNING * * *
It was a potion of cancellation.
You feel magically purged. The quokka bites you.
You die...

#.%........ #?......... , *
#.......... ##....S..... ,
##.........#. #...g..#.###
######### ###.#....#.#
#.......####...#r####.# *
#............###@####.##. ,
, #........................
* #.......#####[.....##.##*
#.......# ##..##.##.#######.
* #.......#
#..(##...)........ #.......#
#.#.###........#** #..(....#
#.#.###........# #########
###.#..##r.......#
#########...##.##.......)###


You could see an adder, a quokka, a goblin and a rat (wandering).

Vanquished Creatures
  Natasha (D:2)
  An adder (D:2)
  An ooze (D:2)
  A worm (D:2)
  2 dart slugs (D:1)
  3 bats (D:1)
  3 goblins
  3 hobgoblins
  4 kobolds (D:1)
  A quokka (D:2)
  A frilled lizard (D:2)
  2 rats (D:2)
23 creatures vanquished.

Notes
Turn   | Place    | Note
-------+----------+-------------------------------------------
     0 | D:1      | Irenicus the Deep Dwarf Necromancer began the quest for the Orb.
     0 | D:1      | Reached XP level 1. HP: 15/15 MP: 3/3
   170 | D:1      | Reached XP level 2. HP: 17/22 MP: 0/4
   225 | D:1      | Reached skill level 5 in Necromancy
   370 | D:1      | Reached skill level 1 in Axes
   558 | D:2      | Reached XP level 3. HP: 13/28 MP: 1/5
   563 | D:2      | Learned a level 3 spell: Vampiric Draining
   626 | D:2      | Noticed Natasha
   646 | D:2      | Killed Natasha
   708 | D:2      | HP: 1/28 [quokka (2)]
   710 | D:2      | Slain by a quokka

Skill      XL: |  1  2  3 |
---------------+----------+-----
Necromancy     | 5 |  5.0
Axes           | 1 3 |  3.0
Dodging        | |  2.1
Stealth        | |  2.4
Spellcasting   | |  1.7

Action                   || total
-------------------------++-------
Melee: Unarmed           ||    10
       Hand axe          ||    37
 Cast: Pain              ||    29
       Vampiric Draining ||     3
  Use: Potion            ||     4
 Stab: Invisible         ||     1
Armor: Robe              ||     6
Dodge: Dodged            ||    32
